 Dungeon Crawl Stone Soup version 0.15.2 (webtiles) character file.

231 mopl the Poker (level 6, -4/35 HPs)
             Began as a Tengu Death Knight on July 13, 2016.
             Was a Believer of Yredelemnul.
             Killed from afar by an orc wizard (8 damage)
             ... with a puff of flame
             ... on Level 4 of the Dungeon.
             The game lasted 00:04:32 (2816 turns).

mopl the Poker (Tengu Death Knight)                 Turns: 2816, Time: 00:04:32

HP  -4/35        AC  5     Str 13      XL: 6   Next:  4%
MP  12/12        EV  9     Int 12      God: Yredelemnul [**....]
Gold 201         SH  0     Dex 15      Spells:  0 memorised,  5 levels left

rFire  . . .     SeeInvis .     a - +2 spear
rCold  . . .     Clarity  .     i - +0 ring mail
rNeg   . . .     rCorr    .     (no shield)
rPois  +         rRot     .     (helmet restricted)
rElec  .         Spirit   .     (no cloak)
SustAb .         Warding  .     (no gloves)
rMut   .         Stasis   .     (boots unavailable)
Gourm  .                        (no amulet)
MR     .....                    o - ring of regeneration
                                h - ring of poison resistance

@: not resistant to hostile enchantments, very unstealthy
A: able to fly, beak, talons 3
a: Fly, Animate Remains, Recall Undead Slaves, Injury Mirror, Renounce Religion


You were on level 4 of the Dungeon.
You worshipped Yredelemnul.
Yredelemnul was pleased with you.
You were not hungry.

You visited 1 branch of the dungeon, and saw 4 of its levels.

You collected 201 gold pieces.

Inventory:

Hand weapons
 a - a +2 spear (weapon)
Armour
 i - a +0 ring mail (worn)
Magical devices
 e - a wand of random effects (8) {unknown}
Comestibles
 b - a meat ration
 c - 5 bread rations
 j - a beef jerky
 r - 2 rotting chunks of hobgoblin flesh
Scrolls
 d - a scroll of recharging {unknown}
 g - 2 scrolls of identify
 n - a scroll of fear {unknown}
 p - a scroll of amnesia {unknown}
 q - a scroll of blinking {unknown}
Jewellery
 h - a ring of poison resistance (left hand)
 o - a ring of regeneration (right hand)
Potions
 k - a potion of cancellation
 l - a potion of mutation


   Skills:
 - Level 2.0 Fighting
 * Level 5.5 Polearms
 - Level 1.1 Armour
 - Level 1.1 Dodging
 + Level 3.8 Invocations


You had 5 spell levels left.
You didn't know any spells.

Dungeon Overview and Level Annotations

Branches:
Dungeon (4/15)
 Temple: D:4-7

Altars:
Fedhas
Kikubaaqudgha


Innate Abilities, Weirdness & Mutations

You can fly.
You have a beak for a mouth.
You have claws for feet.


Message History

The orc wizard gestures wildly while chanting.
The orc wizard blinks!
The orc wizard points at you and mumbles some strange words.
The puff of flame hits you!
* * * LOW HITPOINT WARNING * * *
Yredelemnul mirrors your injury!
The orc wizard is moderately wounded.
Read which item? (? for menu, Esc to quit)
As you read the scroll labeled ANEESHR USYVECW, it crumbles to dust.
It is a scroll of identify.
Identify which item? (\ to view known items) (? for menu, Esc to quit)
l - a potion of mutation The orc wizard barely misses you.
Drink which item? (? for menu, Esc to quit)
You feel slightly nauseous.
It was a potion of poison.
Your dark mirror aura disappears.
The orc wizard casts a spell at you. The puff of flame hits you!
You die...
Your body rises from the dead as a mindless zombie.

#..##.#..###..
##...........# #
###............## .#
.....#..<....##..###.##
..##.....#..#...........
.............).o...#...#
..o..........o.og....#
..#.....#######o###...#
. #.....# #@# #.....#
#.# #...... #.# #....g.
..# .....⌠ ### .8.


You could see an orc wizard, 2 orcs and a hobgoblin.

Vanquished Creatures
  An ogre (D:4)
  A worker ant (D:3)
  Jessica (D:2)
  5 adders
  A giant mite (D:3)
  A giant gecko (D:3)
  2 orcs
  5 giant cockroaches
  7 hobgoblins
  6 jackals
  7 kobolds
  2 quokkas (D:3)
  A ball python (D:1)
  8 bats
  3 giant newts (D:1)
  5 goblins
  8 rats
64 creatures vanquished.

Notes
Turn   | Place    | Note
--------------------------------------------------------------
     0 | D:1      | mopl, the Tengu Death Knight, began the quest for the Orb.
     0 | D:1      | Reached XP level 1. HP: 12/12 MP: 1/1
   160 | D:1      | Reached XP level 2. HP: 15/17 MP: 3/3
   899 | D:2      | Reached skill level 3 in Polearms
  1051 | D:2      | Reached XP level 3. HP: 21/21 MP: 5/5
  1146 | D:2      | Acquired Yredelemnul's second power
  1242 | D:2      | Noticed Jessica
  1246 | D:2      | Killed Jessica
  1246 | D:2      | Reached skill level 4 in Polearms
  1246 | D:2      | Reached XP level 4. HP: 13/26 MP: 7/7
  2258 | D:3      | Found a blossoming altar of Fedhas.
  2264 | D:3      | Found an ancient bone altar of Kikubaaqudgha.
  2274 | D:3      | Reached XP level 5. HP: 19/30 MP: 10/10
  2324 | D:3      | Reached skill level 5 in Polearms
  2718 | D:4      | Noticed a phantom
  2796 | D:4      | Noticed an ogre
  2809 | D:4      | Killed an ogre
  2809 | D:4      | Reached XP level 6. HP: 2/35 MP: 12/12
  2810 | D:4      | HP: 1/35 [hobgoblin (2)]
  2816 | D:4      | Killed from afar by an orc wizard

Action                   |  1- 3 |  4- 6 || total
-------------------------+-------+-------++-------
Melee: Spear             |    66 |   102 ||   168
Invok: Injury Mirror     |       |     1 ||     1
  Use: Scroll            |     3 |     1 ||     4
       Potion            |     2 |     3 ||     5
  Eat: Chunk             |     1 |     5 ||     6
